 Dungeon Crawl Stone Soup version 0.26.0-11-g8f856b5395 (webtiles) character file.

Game seed: 11387268912025303297

25 Destapler the Grave Robber (level 2, -2/15 HPs)
             Began as a Deep Elf Necromancer on Jan 15, 2021.
             Killed from afar by Natasha (6 damage)
             ... with a magic dart
             ... on level 2 of the Dungeon.
             The game lasted 00:02:12 (1356 turns).

Destapler the Grave Robber (Deep Elf Necromancer)   Turns: 1356, Time: 00:02:12

Health: -2/15      AC:  2    Str:  5    XL:     2   Next: 86%
Magic:  6/8        EV: 13    Int: 19    God:
Gold:   70         SH:  0    Dex: 15    Spells: 6/7 levels left

rFire    . . .     SeeInvis .   d - +0 whip
rCold    . . .     Faith    .   (no shield)
rNeg     . . .     Spirit   .   a - +0 robe
rPois    .         Reflect  .   (no helmet)
rElec    .         Harm     .   (no cloak)
rCorr    .         Rampage  .   (no gloves)
Will     .....                  (no boots)
Stlth    ++........             (no amulet)
HPRegen  0.05/turn              (no ring)
MPRegen  0.11/turn              (no ring)

@: no status effects
A: no striking features
a: no special abilities


You were on level 2 of the Dungeon.
You visited 1 branch of the dungeon, and saw 2 of its levels.

You collected 70 gold pieces.

Inventory:

Hand Weapons
 d - a +0 whip (weapon)
Armour
 a - a +0 robe (worn)
Scrolls
 b - 2 scrolls of remove curse {unknown}
 e - a scroll of immolation {unknown}
 h - a scroll of identify {unknown}
 i - a scroll of enchant weapon {unknown}
Potions
 c - 2 potions of magic {unknown}
 f - a potion of heal wounds {unknown}
 g - a potion of curing {unknown}


   Skills:
 + Level 0.2 Fighting
 + Level 0.4 Short Blades
 + Level 2.9 Dodging
 + Level 3.0 Stealth
 + Level 3.4 Spellcasting
 + Level 5.0 Necromancy


You had 6 spell levels left.
You knew the following spells:

 Your Spells              Type           Power        Failure   Level
a - Pain                  Necr           88%          1%          1

Your spell library contained the following spells:

 Spells                   Type           Power        Failure   Level
 Animate Skeleton         Necr           44%          1%          1
 Vampiric Draining        Necr           11%          5%          3
 Animate Dead             Necr           11%          19%         4
 Agony                    Necr           22%          45%         5


Dungeon Overview and Level Annotations

Branches:
Dungeon (2/15)

Altars:
Elyvilon

Annotations:
D:2 Natasha


Message History

Your Stealth skill increases to level 3!
Magic restored.
HP restored.
i - a scroll labelled GUALYK GEHOSKA As you open the door, it creaks loudly!
Found 8 stones.
There is an open door here.
You see here 8 stones.
Natasha, Servant of Life and Death comes into view.
Found 7 gold pieces.
The helpless Natasha fails to defend herself.
You hit Natasha.
Natasha is lightly wounded.
Natasha claws you.
Natasha writhes in agony.
Natasha claws you.
* * * LOW HITPOINT WARNING * * *
Natasha writhes in agony.
Natasha stares at you and mumbles some strange words.
The magic dart hits you.
You die...

#.........##....#.......
#......#...#............
#......#.#...........##.
#......#.###........
#..........#.#..###.
#...................
#......###.........#
#.......$....#..##.#
#......@.....#......
#.....h##.##.##.#..
#...... ............
##....###.#..#......
#.... #.#...... #####
#.# ..... #.# ... .# .##


You could see Natasha.

Vanquished Creatures
  An adder (D:2)
  A dart slug (D:1)
  6 bats
  2 goblins
  A hobgoblin (D:1)
  A ball python (D:1)
  3 kobolds (D:1)
  A rat (D:1)
16 creatures vanquished.

Notes
Turn   | Place    | Note
-------+----------+-------------------------------------------
     0 | D:1      | Destapler the Deep Elf Necromancer began the quest for the
                  | Orb.
     0 | D:1      | Reached XP level 1. HP: 10/10 MP: 6/6
   652 | D:1      | Reached XP level 2. HP: 12/15 MP: 5/8
   698 | D:1      | Reached skill level 5 in Necromancy
  1194 | D:2      | Found a white marble altar of Elyvilon.
  1348 | D:2      | Noticed Natasha
  1356 | D:2      | Killed from afar by Natasha

Illustrated notes

Levels and vault maps discovered:
D:1:      scummos_arrival_simple_fountains, layout_basic
D:2:      minmay_inner_zag, layout_basic, lemuel_round_altar, tso_oasis_becter,
          grunt_qazlal_sundering, uniq_natasha

Skill      XL: |  1  2 |
---------------+-------+-----
Necromancy     | 5 |  5.0
Stealth        | 3 |  3.0
Fighting       | |  0.2
Short Blades   | |  0.4
Dodging        | |  2.9
Spellcasting   | |  3.4

Action                   || total
-------------------------++-------
Melee: Unarmed           ||    10
       Club              ||     7
       Whip              ||     6
 Cast: Pain              ||    26
 Stab: Sleeping          ||     3
Armor: Robe              ||    14
Dodge: Dodged            ||    29
